 Dungeon Crawl Stone Soup version 0.17-a0-1181-gabc46e6 (webtiles) character file.

231 Misa the Skirmisher (level 6, 0/39 HPs)
             Began as a Gargoyle Chaos Knight on June 1, 2015.
             Slain by a warg (shapeshifter) (5 damage)
             ... on level 3 of the Dungeon.
             The game lasted 00:06:44 (1955 turns).

Misa the Skirmisher (Gargoyle Chaos Knight)         Turns: 1955, Time: 00:06:44

Health: 0/39       AC: 13    Str: 18    XL:     6   Next: 4%
Magic:  6/6        EV: 11    Int: 15    God:    Xom [.....*]
Gold:   187        SH:  0    Dex:  9    Spells: 0 memorised, 5 levels left

rFire  . . .     SeeInvis .     a - +0 spear (chaos)
rCold  . . .     Clarity  .     b - +2 leather armour
rNeg   + . .     SustAt   .     (no shield)
rPois  ∞         Gourm    .     j - +2 helmet {Int+3}
rElec  +         Spirit   .     (no cloak)
rCorr  .         Warding  .     (no gloves)
rMut   .         Stasis   .     (no boots)
MR     .....                    (no amulet)
Stlth  +.........               (no ring)
                                (no ring)

@: not resistant to hostile enchantments, very unstealthy
A: negative energy resistance 1, electricity resistance, unbreathing,
petrification resistance, rot immunity, AC +4
a: Renounce Religion


You were on level 3 of the Dungeon.
You worshipped Xom.
You were Xom's teddy bear.
You were not hungry.

You visited 1 branch of the dungeon, and saw 3 of its levels.

You collected 187 gold pieces.

Inventory:

Hand weapons
 a - a +0 spear of chaos (weapon)
Missiles
 s - 2 javelins (quivered)
Armour
 b - a +2 leather armour (worn)
 j - a +2 helmet of intelligence (worn)
Scrolls
 d - 3 scrolls of teleportation {unknown}
 f - a scroll of enchant armour {unknown}
 h - 5 scrolls of identify {unknown}
 i - a scroll of remove curse {unknown}
 m - 3 scrolls of magic mapping {unknown}
 o - a scroll of recharging {unknown}
 u - a scroll of enchant weapon {unknown}
Potions
 e - a potion of lignification {unknown}
 g - 2 potions of mutation {unknown}
 k - a potion of cure mutation {unknown}
 q - a potion of degeneration {unknown}
 t - a potion of curing {unknown}
 v - a potion of ambrosia {unknown}
Comestibles
 c - 3 bread rations
 l - 2 chunks of flesh
 n - 2 slices of pizza
 p - 2 meat rations
 r - a beef jerky


   Skills:
 + Level 4.5 Fighting
 + Level 3.6 Polearms
 + Level 4.1 Armour
 + Level 2.1 Dodging


You had 5 spell levels left.
You didn't know any spells.

Dungeon Overview and Level Annotations

Branches:
Dungeon (3/15)

Altars:
Nemelex Xobeh
Zin


Innate Abilities, Weirdness & Mutations

You are resistant to torment.
Your stone body is resilient (AC +4).
You are immune to poison.
You resist negative energy.
You are resistant to electric shocks.
You can survive without breathing.
You are immune to petrification.
You are immune to rotting.


Message History

Xom thinks this is hilarious!
The warg misses you.
You barely miss the warg. The warg bites you!
You barely miss the warg. The warg bites you.
You barely miss the warg. The warg barely misses you.
The warg closely misses you.
You barely miss the warg. The warg bites you!
* * * LOW HITPOINT WARNING * * *
You are too injured to fight recklessly!
You are too injured to fight recklessly!
You are too injured to fight recklessly!
You are too injured to fight recklessly!
You are too injured to fight recklessly!
You are too injured to fight recklessly!
You are too injured to fight recklessly!
You closely miss the warg. The warg closely misses you.
You hit the warg.
You heal the warg.
The warg is completely healed.
The warg bites you.
You die...
Xom laughs nastily!

##.### b .#....) ........
### ########.#### ...
.........(... ..#.# ...#
##..#### #.#.# ...#
#...... #.#h#... #.
#.....# #. #.#@#.# #.
#.....# #. #.#...#
#.##..†... ###.##.#.###
#.....####
#......#(#######.........
#............+......... #
##...#.#######....#####
#.##.#.#... ........(.)..
#...<#.############(#####
####.#..........)........


You could see a warg shaped shifter.

Vanquished Creatures
  The ghost of Mulkerokala the Chopper, an average HOFi (D:3)
  A crocodile (D:3)
  4 adders (D:2)
  5 gnolls (D:3)
  A worm (D:2)
  A giant gecko (D:1)
  4 ball pythons
  9 bats
  4 giant cockroaches
  4 goblins (D:1)
  3 hobgoblins
  2 giant newts
  7 kobolds
  10 rats
56 creatures vanquished.

Vanquished Creatures (collateral kills)
  A rat (D:3)
1 creature vanquished.

Vanquished Creatures (others)
  3 gnolls (D:3)
3 creatures vanquished.

Grand Total: 60 creatures vanquished

Notes
Turn   | Place    | Note
--------------------------------------------------------------
     0 | D:1      | Misa the Gargoyle Chaos Knight began the quest for the Orb.
     0 | D:1      | Reached XP level 1. HP: 14/14 MP: 1/1
   111 | D:1      | Reached XP level 2. HP: 17/19 MP: 2/2
   486 | D:1      | Reached skill level 1 in Dodging
   582 | D:1      | Reached XP level 3. HP: 24/24 MP: 3/3
   594 | D:1      | XOM: harmless Tloc miscast
   657 | D:1      | XOM: divination: detect creatures
  1065 | D:2      | Found a sparkling altar of Nemelex Xobeh.
  1078 | D:2      | XOM: silly message
  1153 | D:2      | Reached skill level 4 in Fighting
  1153 | D:2      | Reached XP level 4. HP: 27/29 MP: 4/4
  1159 | D:2      | Found a glowing silver altar of Zin.
  1337 | D:2      | XOM: divination: detect creatures
  1481 | D:3      | Noticed a centaur
  1481 | D:3      | XOM: butterfly on damage
  1488 | D:3      | Noticed a crocodile
  1488 | D:3      | a centaur changed into a crocodile
  1494 | D:3      | XOM: swap monsters
  1507 | D:3      | XOM: summons 3 friendly demons
  1517 | D:3      | Killed a crocodile
  1517 | D:3      | Reached XP level 5. HP: 22/33 MP: 5/5
  1666 | D:3      | Noticed Mulkerokala's ghost (average HOFi)
  1676 | D:3      | XOM: destruction
  1679 | D:3      | XOM: divination: detect creatures
  1693 | D:3      | Killed Mulkerokala's ghost
  1760 | D:3      | XOM: polymorph orc -> rat
  1793 | D:3      | XOM: smoke on damage
  1794 | D:3      | Reached XP level 6. HP: 27/39 MP: 6/6
  1949 | D:3      | Noticed a warg
  1949 | D:3      | a worm changed into a warg
  1955 | D:3      | Slain by a warg (shapeshifter)

Vault maps used:
D:1:      dpeg_arrival_ratfight, minmay_door_square
D:2:      zin_statuary, nemelex_lonely_heart_becter
D:3:      kennysheep_goblin_castle, first_bread

Action                   |  1- 3 |  4- 6 || total
-------------------------+-------+-------++-------
Melee: Spear             |   121 |   124 ||   245
 Stab: Paralysed         |     4 |     1 ||     5
       Confused          |       |     1 ||     1
  Eat: Chunk             |     1 |     3 ||     4
